Map: Magannatha LE

Players

LigerMaNN - Winner!

  • Race: Zerg Zerg
  • League: Diamond
  • Spawn Location: 5:00

whenInRome

  • Race: Protoss Protoss
  • Spawn Location: 11:00

VOD

Have the link to the VOD?

Description

Time

  • Played on: July 3, 2025, 10:29 p.m.
  • Length: 4:15
Show
View Real Time Build Order
Export as new Build Order

LigerMaNN Zerg - Winner!

Build Orders: Hatch First 

Get SALT Encoding   

  12  0:01  Drone  
  13  0:12  Overlord  
  13  0:18  Drone  
  14  0:31  Drone x2  
  16  0:36  Drone  
  17  0:50  Hatchery  
  17  0:53  Drone  
  17  0:58  Drone  
  18  1:08  Extractor  
  17  1:14  Spawning Pool  
  16  1:27  Drone x2  
  16  1:29  Drone  
  19  1:39  Drone  
  20  1:50  Overlord  
  20  2:04  Zergling x2  
  20  2:05  Zergling x2  
  22  2:08  Queen  
  22  2:09  Queen  
  26  2:17  Zergling x4  
  26  2:20  Metabolic Boost  
  28  2:30  Zergling x4  
  30  2:41  Zergling x4  
  32  2:54  Baneling Nest  
  31  3:00  Zergling x8  
  35  3:08  Overlord  
  35  3:09  Overlord  
  35  3:22  Zergling x2  
  36  3:28  Zergling x14  
  42  3:53  Zergling x14  
  46  3:56  Baneling x2  
  46  3:57  Baneling x2  
  46  4:02  Drone  
Show
View Real Time Build Order
Export as new Build Order

whenInRome Protoss 

Build Orders: 1 Gate Expand 

Get SALT Encoding   

  12  0:00  Probe  
  13  0:12  Probe  
  14  0:17  Pylon  
  14  0:24  Probe  
  15  0:32  Probe  
  15  0:39  Gateway  
  15  0:40  Probe  
  17  0:51  Probe  
  18  1:02  Probe  
  19  1:10  Probe  
  20  1:20  Nexus  
  20  1:25  Assimilator  
  20  1:39  Cybernetics Core, Probe  
  21  1:44  Assimilator  
  21  1:54  Pylon, Probe  
  22  2:06  Probe  
  23  2:19  Gateway  
  23  2:20  Warp Gate  
  23  2:21  Adept  
  25  2:27  Probe  
  25  2:28  Gateway, Probe  
  26  2:36  Probe  
  27  2:37  Probe  
  29  2:48  Shield Battery  
  29  2:49  Probe  
  29  2:51  Probe  
  31  3:01  Probe  
  31  3:04  Probe  
  31  3:05  Zealot  
  35  3:06  Sentry  
  37  3:13  Probe  
  37  3:15  Gateway  
  37  3:16  Probe  
  37  3:17  Sentry  
  41  3:25  Probe  
  42  3:28  Probe, Robotics Facility  
  43  3:36  Zealot  
  43  3:37  Probe  
  43  3:41  Assimilator  
  46  3:51  Probe  
  46  3:52  Probe  
Tags
 
Add a new tag
Caveats
  • Supply blocks, unpowered buildings, or Contaminate may cause inaccurate times.
  • Supply counts are checked every 10 seconds.